 Dungeon Crawl Stone Soup version 0.31.0-12-g77e489cdc1 (webtiles) character file.

Game seed: 7142293950837399080

46 jimonade the Ducker (level 3, -4/35 HPs)
             Began as a Gnoll Monk on Feb 28, 2024.
             Killed by nerve-wracking pain
             ... invoked by Grinder
              (10 damage)
             ... on level 3 of the Dungeon.
             The game lasted 00:03:36 (1530 turns).

jimonade the Ducker (Gnoll Monk)                    Turns: 1530, Time: 00:03:37

Health: -4/35      AC:  7    Str: 12    XL:     3   Next: 66%
Magic:  4/4        EV: 14    Int:  9    God:
Gold:   74         SH:  0    Dex: 20    Spells: 4/4 levels left

rFire   . . .        a - +0 spear
rCold   . . .        d - orb {light}
rNeg    . . .        e - +0 ring mail
rPois   .            (no helmet)
rElec   .            (no cloak)
rCorr   .            t - +0 pair of gloves
SInv    .            q - +0 pair of boots
Will    .....        (no amulet)
Stlth   +            i - +6 ring of dexterity
HPRegen 0.25/turn    (no ring)
MPRegen 0.09/turn

%: no passive effects
@: glowing
A: fangs 1, strong nose, distributed training
a: no special abilities


You were on level 3 of the Dungeon.
You visited 1 branch of the dungeon, and saw 4 of its levels.

You collected 74 gold pieces.

Inventory:

Hand Weapons
 a - a +0 spear (weapon)
 g - a +1 dagger of draining
 m - a +0 rapier
Missiles
 h - 5 stones
Armour
 b - a +0 robe
 d - an orb of light (worn)
 e - a +0 ring mail (worn)
 o - a +0 scale mail
 p - a +0 cloak
 q - a +0 pair of boots (worn)
 t - a +0 pair of gloves (worn)
Jewellery
 i - a +6 ring of dexterity (left hand)
Scrolls
 f - 4 scrolls of fog {unknown}
 j - a scroll of summoning {unknown}
 k - a scroll of amnesia {unknown}
 n - a scroll of fear {unknown}
 r - a scroll of teleportation {unknown}
Potions
 c - a potion of ambrosia
 l - a potion of magic {unknown}
 s - a potion of cancellation {unknown}
 u - 2 potions of curing {unknown}
 v - a potion of lignification {unknown}
 w - a potion of resistance {unknown}


   Skills:
 + Level 6.5 Fighting
 + Level 1.0 Short Blades
 + Level 1.0 Long Blades
 + Level 1.0 Axes
 + Level 1.0 Maces & Flails
 + Level 6.5 Polearms
 + Level 1.0 Staves
 + Level 1.0 Ranged Weapons
 + Level 1.0 Throwing
 + Level 1.0 Armour
 + Level 6.5 Dodging
 + Level 1.0 Stealth
 + Level 1.0 Shields
 + Level 1.0 Unarmed Combat
 + Level 1.0 Spellcasting
 + Level 0.7 Conjurations
 + Level 0.7 Hexes
 + Level 0.7 Summonings
 + Level 0.7 Necromancy
 + Level 0.7 Translocations
 + Level 0.7 Fire Magic
 + Level 0.7 Ice Magic
 + Level 0.7 Air Magic
 + Level 0.7 Earth Magic
 + Level 0.7 Alchemy
 + Level 1.0 Invocations
 + Level 1.0 Evocations
 + Level 0.8 Shapeshifting


You had 4 spell levels left.
You didn't know any spells.
Your spell library was empty.

Dungeon Overview and Level Annotations

Branches:
Dungeon (4/15) Zot: 22496
 Temple: D:4-7

Altars:

Shops:
D:1 =

Annotations:
D:3 Grinder, Terence


Innate Abilities, Weirdness & Mutations

You have very sharp teeth.
Your uncanny sense of smell can sniff out nearby items.
Your experience applies equally to all skills.


Message History

You hit Grinder but do no damage.
Grinder is moderately wounded.
Grinder looks more healthy.
Grinder misses you.
You hit Grinder.
Grinder is moderately wounded.
Grinder says, "You look like you could use a good racking."
Grinder misses you.
You closely miss Grinder.
Grinder is moderately wounded.
You hit Grinder.
Grinder is heavily wounded.
Grinder misses you.
You hit Grinder.
Grinder is heavily wounded.
Grinder hits you.
You writhe in agony.
You closely miss Grinder. You bite Grinder.
Grinder is heavily wounded.
Grinder misses you.
You hit Grinder but do no damage.
Grinder is heavily wounded.
You hit Grinder.
Grinder is severely wounded.
Grinder blinks!
You see here 2 poisoned darts.
You hit Grinder.
Grinder is severely wounded.
Grinder hits you.
You writhe in agony.
You are too injured to fight recklessly!
You are too injured to fight recklessly!
You barely miss Grinder.
Grinder is severely wounded.
Grinder hits you but does no damage.
You hit Grinder but do no damage.
Grinder is severely wounded.
You hit Grinder but do no damage.
Grinder is severely wounded.
Grinder gestures at you.
You suddenly lose the ability to move!
Grinder hits you but does no damage. Grinder gestures at you.
You shrug off the repeated paralysis!
Grinder hits you.
* * * LOW HITPOINT WARNING * * *
You writhe in agony.
* * * LOW HITPOINT WARNING * * *
Grinder hits you!
* * * LOW HITPOINT WARNING * * *
You can move again.
You hit Grinder but do no damage.
Grinder is severely wounded.
Grinder gestures at you.
You barely resist. You hit Grinder but do no damage.
You bite Grinder, but do no damage.
Grinder is severely wounded.
Grinder hits you.
* * * LOW HITPOINT WARNING * * *
You hit Grinder.
Grinder is severely wounded.
You hit Grinder.
Grinder is severely wounded.
Grinder blinks!
Grinder gestures at you. You resist with significant effort.
There is a stone staircase leading down here.
You climb downwards.
Found a cloak, 8 gold pieces and a trident.
There is a stone staircase leading up here.
You start resting.
An orc comes into view. It is wielding a +0 dagger.
The orc shouts!
You see here a +0 cloak.
p - a +0 cloak A hobgoblin comes into view.
There is a stone staircase leading up here.
You climb upwards.
Level annotation: Grinder, Terence
There is a stone staircase leading down here.
You hit Grinder.
Grinder is heavily wounded.
You hit Grinder.
Grinder is severely wounded.
Grinder gestures at you.
You suddenly lose the ability to move!
Grinder hits you.
You writhe in agony.
Grinder hits you.
You writhe in agony.
Grinder hits you. Grinder barely misses you. Grinder hits you.
You writhe in agony.
You can move again.
You hit Grinder.
Grinder is severely wounded.
Grinder gestures at you. Pain shoots through your body!
* * * LOW HITPOINT WARNING * * *
You hit Grinder.
Grinder is severely wounded.
Grinder gestures at you. Pain shoots through your body!
You die...
Grinder sighs, "Dead already?
I want a refund."

########## .#
.........# ...#
.........# ...#
.........# ...###
.........###......
................##
.......>@........)
#########5.(...###
#########......#
#..............#
##.........(....#
#...............#
#...............#
#...............#
#........5...####


You could see Grinder.

Vanquished Creatures
  An adder (D:2)
  A ribbon worm (D:2)
  A dart slug (D:2)
  6 bats
  4 endoplasms
  2 giant cockroaches (D:1)
  2 goblins
  A hobgoblin (D:2)
  4 ball pythons
  3 frilled lizards
  3 kobolds
  3 rats (D:1)
31 creatures vanquished.

Notes
Turn   | Place    | Note
-------+----------+-------------------------------------------
     0 | D:1      | jimonade the Gnoll Monk began the quest for the Orb.
     0 | D:1      | Reached XP level 1. HP: 23/23 MP: 1/1
   148 | D:1      | Reached XP level 2. HP: 29/29 MP: 2/2
   172 | D:1      | Found Egawuz's Jewellery Emporium.
   663 | D:2      | Reached XP level 3. HP: 33/35 MP: 3/3
   970 | D:2      | Reached skill level 1 in Invocations
  1256 | D:3      | Noticed Terence
  1331 | D:3      | Reached skill level 1 in Short Blades
  1331 | D:3      | Reached skill level 1 in Long Blades
  1331 | D:3      | Reached skill level 1 in Axes
  1331 | D:3      | Reached skill level 1 in Maces & Flails
  1331 | D:3      | Reached skill level 1 in Staves
  1331 | D:3      | Reached skill level 1 in Ranged Weapons
  1331 | D:3      | Reached skill level 1 in Throwing
  1331 | D:3      | Reached skill level 1 in Armour
  1331 | D:3      | Reached skill level 1 in Stealth
  1331 | D:3      | Reached skill level 1 in Shields
  1331 | D:3      | Reached skill level 1 in Unarmed Combat
  1331 | D:3      | Reached skill level 1 in Spellcasting
  1331 | D:3      | Reached skill level 1 in Evocations
  1332 | D:3      | Noticed Grinder
  1392 | D:3      | Paralysed by Grinder for 4 turns
  1523 | D:3      | Paralysed by Grinder for 5 turns
  1530 | D:3      | Killed from afar by Grinder

Illustrated notes

Levels and vault maps discovered:
D:1:      lemuel_arrival_room, layout_basic, serial_shops, shop
D:2:      layout_loops_ring, minivault_25
D:3:      layout_basic, serial_curves, eino_curves_01, eino_curves_04,
          uniq_terence, uniq_grinder
D:4:      layout_loops_cross, minmay_temple_entry_statues_fountains,
          small_statue_intersection

Skill      XL: |  1  2  3 |
---------------+----------+-----
Invocations    | 1 |  1.0
Short Blades   | 1 |  1.0
Long Blades    | 1 |  1.0
Axes           | 1 |  1.0
Maces & Flails | 1 |  1.0
Staves         | 1 |  1.0
Ranged Weapons | 1 |  1.0
Throwing       | 1 |  1.0
Armour         | 1 |  1.0
Stealth        | 1 |  1.0
Shields        | 1 |  1.0
Unarmed Combat | 1 |  1.0
Spellcasting   | 1 |  1.0
Evocations     | 1 |  1.0
Fighting       | |  6.5
Polearms       | |  6.5
Dodging        | |  6.5
Conjurations   | |  0.7
Hexes          | |  0.7
Summonings     | |  0.7
Necromancy     | |  0.7
Translocations | |  0.7
Fire Magic     | |  0.7
Ice Magic      | |  0.7
Air Magic      | |  0.7
Earth Magic    | |  0.7
Alchemy        | |  0.7
Shapeshifting  | |  0.8

Action                     || total
---------------------------++-------
  Melee: Spear             ||   119
         Bite              ||     9
  Throw: Dart              ||     6
 Armour: Ring mail         ||    37
  Dodge: Dodged            ||    42
